Map: New Gettysburg LE

Players

HoRuS

  • Race: Protoss Protoss
  • League: Diamond

Divain - Winner!

  • Race: Zerg Zerg

VOD

https://www.youtube.com/channel/UCcSgNfDNxvyisU-eCj9xyNg/playlists

Description

Time

  • Played on: Aug. 14, 2016, 11:11 a.m.
  • Length: 8:57
Show
View Real Time Build Order
Export as new Build Order

HoRuS Protoss 

Build Orders: Oracle Opening, Mass Adepts 

Get SALT Encoding   

  12  0:01  Probe (Chrono Boost)  
  13  0:11  Probe (Chrono Boost)  
  14  0:18  Pylon  
  14  0:22  Probe (Chrono Boost)  
  15  0:36  Probe (Chrono Boost)  
  15  0:39  Gateway  
  16  0:47  Probe (Chrono Boost)  
  16  0:48  Assimilator  
  17  0:57  Probe (Chrono Boost)  
  18  1:04  Gateway  
  18  1:08  Probe (Chrono Boost)  
  19  1:16  Assimilator  
  19  1:18  Probe (Chrono Boost)  
  20  1:27  Pylon  
  20  1:29  Probe (Chrono Boost)  
  21  1:36  Cybernetics Core  
  21  1:40  Probe (Chrono Boost)  
  22  1:50  Probe (Chrono Boost)  
  23  2:13  Adept  
  23  2:14  Stargate  
  23  2:15  Adept  
  27  2:24  Pylon  
  27  2:29  Gateway  
  27  2:41  Adept x2  
  31  2:53  Mothership Core (Chrono Boost)  
  31  2:57  Oracle  
  32  3:30  Adept x3  
  36  3:57  Adept  
  38  4:07  Adept  
  37  4:19  Void Ray  
  39  4:36  Pylon x2  
  39  4:42  Warp Gate  
  39  4:52  Adept  
  39  4:53  Adept  
  39  4:54  Adept  
  39  4:56  Probe (Chrono Boost)  
  47  5:08  Probe (Chrono Boost)  
  47  5:11  Gateway  
  47  5:18  Adept  
  47  5:19  Adept  
  51  5:21  Adept  
  53  5:45  Adept  
  55  5:59  Adept  
  29  6:38  Void Ray  
  29  6:49  Stalker x3  
  29  6:50  Stalker  
  37  7:00  Pylon  
  37  7:01  Pylon  
  37  7:12  Stalker x3  
  37  7:13  Stalker  
  45  7:34  Stalker  
  45  7:36  Adept x2  
  47  8:10  Adept x4  
Show
View Real Time Build Order
Export as new Build Order

Divain Zerg - Winner!

Build Orders: Hatch First 

Get SALT Encoding   

  12  0:00  Drone  
  13  0:10  Drone  
  14  0:20  Drone, Extractor  
  15  0:26  Overlord  
  15  0:35  Drone, Extractor x2  
  16  0:47  Drone x2  
  18  0:59  Hatchery  
  17  1:05  Drone  
  17  1:07  Drone  
  17  1:11  Extractor  
  18  1:22  Spawning Pool  
  17  1:26  Drone  
  17  1:30  Drone  
  19  1:39  Drone  
  20  1:56  Hatchery  
  20  1:58  Drone  
  20  2:03  Drone  
  21  2:12  Metabolic Boost  
  21  2:18  Queen  
  23  2:24  Zergling x2  
  23  2:25  Zergling x2  
  23  2:28  Zergling x2  
  26  2:31  Zergling x2  
  26  2:35  Drone  
  28  2:39  Overlord  
  28  2:56  Overlord  
  28  2:57  Queen  
  31  2:58  Drone  
  31  2:59  Drone  
  31  3:00  Drone  
  33  3:08  Baneling Nest  
  33  3:10  Drone  
  34  3:17  Drone  
  34  3:18  Drone x2  
  35  3:22  Zergling x4  
  35  3:24  Drone  
  36  3:27  Drone x2  
  36  3:28  Drone  
  36  3:29  Drone  
  40  3:40  Drone x2  
  42  3:46  Spore Crawler  
  42  3:48  Spore Crawler, Queen  
  41  3:49  Drone  
  41  3:51  Drone  
  41  3:53  Zergling x2  
  41  3:54  Zergling x2  
  44  3:56  Zergling x2  
  44  4:00  Drone  
  44  4:01  Drone  
  47  4:03  Drone  
  47  4:06  Drone  
  49  4:15  Extractor  
  49  4:16  Roach Warren  
  47  4:18  Overlord  
  47  4:20  Pneumatized Carapace  
  47  4:23  Overlord  
  44  4:34  Hatchery  
  43  4:42  Zergling x2  
  43  4:43  Zergling x8  
  48  4:49  Drone x2  
  50  4:57  Roach x4  
  50  4:58  Drone  
  59  5:03  Evolution Chamber  
  59  5:06  Drone  
  59  5:07  Extractor  
  58  5:09  Drone  
  58  5:11  Overlord  
  59  5:15  Overlord  
  59  5:18  Overlord  
  59  5:22  Lair  
  59  5:30  Drone  
  59  5:31  Zerg Melee Weapons Level 1  
  59  5:33  Drone  
  59  5:35  Drone x3  
  63  5:42  Roach x3  
  68  5:45  Zergling x2  
  69  5:50  Roach x2  
  69  5:52  Roach  
  69  5:56  Roach  
  75  5:59  Roach  
  75  6:02  Roach  
  75  6:06  Roach  
  75  6:08  Queen  
  75  6:10  Roach  
  78  6:12  Roach  
  78  6:16  Queen  
  81  6:18  Roach  
  81  6:23  Roach, Drone  
  81  6:25  Drone  
  83  6:26  Drone  
  83  6:28  Zergling x2  
  83  6:35  Drone x4  
  86  6:43  Queen  
  86  6:45  Queen  
  90  6:48  Overlord  
  90  7:06  Overlord  
  90  7:07  Zergling x2  
  90  7:08  Zergling x14  
  98  7:09  Overlord  
  98  7:16  Overlord  
  97  7:23  Zergling x2  
  97  7:26  Overseer, Zergling x2  
  97  7:28  Overlord  
  97  7:29  Overlord  
  99  7:30  Zergling x4  
  101  7:46  Overlord  
  101  7:47  Roach  
  101  7:48  Ravager x8  
  101  7:49  Zergling x8  
  115  7:51  Zergling x2  
  115  7:52  Zergling x2  
  115  7:56  Roach  
  115  7:57  Roach  
  120  8:02  Zergling x2  
  120  8:03  Zergling x4  
  120  8:05  Zergling x2  
  122  8:06  Zergling x4  
  122  8:07  Zergling x4  
  126  8:13  Ravager x2  
  126  8:14  Drone  
  126  8:16  Extractor  
  126  8:17  Extractor  
  127  8:21  Zergling x2, Queen  
  130  8:33  Overlord x2  
  129  8:34  Zergling x2  
Tags
 
Add a new tag
Caveats
  • Supply blocks, unpowered buildings, or Contaminate may cause inaccurate times.
  • Supply counts are checked every 10 seconds.